 Dungeon Crawl Stone Soup version 0.30-a0-739-gea05faddec (webtiles) character file.

Game seed: 6106920924483720928

201928 cforsyth the Convoker (level 18, -10/117 HPs)
             Began as a Tengu Summoner on Feb 5, 2023.
             Was an Initiate of Gozag.
             Killed from afar by a will-o-the-wisp (30 damage)
             ... with a foxfire
             ... on level 1 of the Swamp.
             The game lasted 02:09:17 (47422 turns).

cforsyth the Convoker (Tengu Summoner)             Turns: 47422, Time: 02:09:18

Health: -10/117    AC: 17    Str:  8    XL:     18   Next: 56%
Magic:  22/46      EV: 33    Int: 22    God:    Gozag
Gold:   4017       SH:  5    Dex: 17    Spells: 4/45 levels left

rFire   . . .      SeeInvis .    (weapon currently unavailable)
rCold   . . .      Faith    .    (shield currently unavailable)
rNeg    . . .      Spirit   .    (body armour currently unavailable)
rPois   ∞          Reflect  +    (helmet currently unavailable)
rElec   +          Harm     .    (cloak currently unavailable)
rCorr   .          Rampage  .    (gloves currently unavailable)
Will    +....                    (boots unavailable)
Stlth   ++                       a - amulet of reflection
HPRegen 0.39/turn                R - ring of magical power
MPRegen 0.30/turn                j - ring of wizardry

@: storm-form, gold aura, blinkbolt cooldown, flying quickly and evasively,
studying Armour, quick
A: cleaving, insubstantial, flying, (beak), (talons 3), nimble flight
}: 1/15 runes: serpentine
a: Blinkbolt, End Transformation, Renounce Religion, Potion Petition, Call
Merchant, Bribe Branch


You were on level 1 of the Swamp.
You worshipped Gozag.
Gozag was most pleased with you.
You were a lightning-filled tempest!
You visited 6 branches of the dungeon, and saw 28 of its levels.
You also visited: Bailey and Volcano.

You collected 12281 gold pieces.
You spent 1511 gold pieces at shops.
You paid 6753 gold pieces to Gozag.

Inventory:

Hand Weapons
 C - the +8 spear of the Middle (melded) {freeze, MP+9 Str+3 Int+3}
   (You found it on level 7 of the Dungeon)

   Str:       It affects your strength (+3).
   Int:       It affects your intelligence (+3).
   MP:        It affects your magic capacity (+9).
Missiles
 D - a throwing net
Armour
 o - a +2 cloak of willpower (melded)
 K - the +1 hat of Pantheism (melded) {rPois rF+ Slay+3}
   (You acquired it on level 5 of the Lair of Beasts)

   Slay:      It affects your accuracy & damage with ranged weapons and melee
   (+3).
   rF:        It protects you from fire.
   rPois:     It protects you from poison.
 L - the +0 pair of gloves "Biosolown" (melded) {rElec rF+ rC+}
   (You acquired it on level 14 of the Dungeon)

   rF:        It protects you from fire.
   rC:        It protects you from cold.
   rElec:     It insulates you from electricity.
 V - a +2 robe of willpower (melded)
Jewellery
 a - an amulet of reflection (around neck)
 c - a ring of protection from cold
 j - a ring of wizardry (right fist)
 A - a ring of protection from cold
 R - a ring of magical power (left fist)
 T - a +6 ring of strength
 U - a ring of see invisible
Wands
 s - a wand of flame (103)
 y - a wand of paralysis (27)
 G - a wand of polymorph (5)
 M - a wand of acid (23)
 Q - a wand of digging (7)
 S - a wand of mindburst (5)
Scrolls
 e - 2 scrolls of magic mapping
 g - 2 scrolls of vulnerability
 i - 2 scrolls of poison
 l - a scroll of silence
 m - 13 scrolls of teleportation
 p - 5 scrolls of fear
 q - a scroll of butterflies
 r - 13 scrolls of enchant armour
 w - 3 scrolls of brand weapon {unknown}
 x - 3 scrolls of torment {unknown}
 H - 3 scrolls of identify
 I - 4 scrolls of fog
 N - 2 scrolls of amnesia
 O - 6 scrolls of blinking
 P - 4 scrolls of immolation
Potions
 b - 6 potions of magic
 d - 4 potions of might
 f - 6 potions of heal wounds
 h - 4 potions of cancellation
 k - 4 potions of attraction
 n - 6 potions of brilliance
 t - 4 potions of lignification
 u - 7 potions of ambrosia
 v - 6 potions of curing
 z - 5 potions of haste
 B - 6 potions of berserk rage
 E - 2 potions of invisibility
 F - 5 potions of degeneration
 J - 3 potions of mutation


   Skills:
 + Level 14.5 Fighting
 + Level 15.9 Dodging
 - Level 2.0 Stealth
 - Level 14.0 Spellcasting
 - Level 17.0 Summonings
 + Level 10.5 Transmutations
 - Level 16.0 Air Magic


You had 4 spell levels left.
You knew the following spells:

 Your Spells              Type           Power      Damage    Failure   Level
a - Storm Form            Tmut/Air       32%        N/A       6%          7
c - Call Canine Familiar  Summ           74%        N/A       0%          3
d - Summon Guardian Gole  Hex/Summ       52%        N/A       1%          3
e - Summon Lightning Spi  Summ/Air       73%        N/A       1%          4
f - Summon Forest         Summ/Tloc      26%        N/A       1%          5
g - Summon Cactus Giant   Summ           37%        N/A       1%          6
h - Summon Mana Viper     Hex/Summ       52%        N/A       1%          5
i - Summon Horrible Thin  Summ           37%        N/A       10%         8

Your spell library contained the following spells:

 Spells                   Type           Power      Damage    Failure   Level
 Summon Small Mammal      Summ           100%       N/A       0%          1
 Call Imp                 Summ           74%        N/A       0%          2
 Beastly Appendage        Tmut           100%       N/A       1%          1
 Foxfire                  Conj/Fire      60%        2x1d7     1%          1
 Sandblast                Erth           30%        2d9       1%          1
 Shock                    Conj/Air       100%       1d9       1%          1
 Sting                    Tmut/Pois      100%       1d8       1%          1
 Cigotuvi's Dreadful Rot  Necr/Pois/Air  76%        N/A       1%          2
 Passwall                 Tmut/Erth      31%        N/A       1%          2
 Poisonous Vapours        Pois/Air       100%       N/A       1%          2
 Static Discharge         Conj/Air       100%       2-7/arc   1%          2
 Wereblood                Tmut           58%        N/A       1%          2
 Ignite Poison            Fire/Tmut/Pois 30%        N/A       1%          3
 Kindle Blastsparks       Fire/Tloc/Air  76%        2d16      1%          3
 Mephitic Cloud           Conj/Pois/Air  38%        N/A       1%          3
 Spider Form              Tmut/Pois      38%        N/A       1%          3
 Animate Armour           Summ/Erth      100%       N/A       1%          4
 Ice Form                 Ice/Tmut       38%        N/A       1%          4
 Summon Ice Beast         Ice/Summ       52%        N/A       1%          4
 Ensorcelled Hibernation  Hex/Ice        30%        N/A       2%          2
 Scorch                   Fire           30%        2d7       2%          2
 Frozen Ramparts          Ice            30%        1d5       4%          3
 Inner Flame              Hex/Fire       15%        N/A       4%          3
 Portal Projectile        Hex/Tloc       30%        N/A       4%          3
 Stone Arrow              Conj/Erth      30%        3d8       4%          3
 Tukima's Dance           Hex            15%        N/A       4%          3
 Anguish                  Hex/Necr       7%         N/A       16%         4
 Flame Wave               Conj/Fire      15%        2d7       16%         4
 Leda's Liquefaction      Hex/Erth       7%         N/A       16%         4
 Olgreb's Toxic Radiance  Pois           15%        N/A       16%         4
 Passage of Golubria      Tloc           15%        N/A       16%         4
 Sticky Flame             Conj/Fire      15%        2d4       16%         4
 Blade Hands              Tmut           29%        N/A       1%          5
 Silence                  Hex/Air        25%        N/A       1%          5
 Freezing Cloud           Conj/Ice/Air   19%        6-21      5%          5
 Irradiate                Conj/Tmut      19%        3d18      5%          5
 Yara's Violent Unravell  Hex/Tmut       19%        3d9       5%          5
 Maxwell's Capacitive Co  Air            36%        ∞         16%         8
 Dragon Form              Tmut           29%        N/A       17%         7
 Statue Form              Tmut/Erth      25%        N/A       26%         6
 Fireball                 Conj/Fire      7%         3d5       38%         5
 Lee's Rapid Deconstruct  Erth           7%         3d7*      38%         5
 Dispersal                Tloc           7%         N/A       91%         6
 Iron Shot                Conj/Erth      7%         9d2       91%         6
 Starburst                Conj/Fire      7%         6d4       91%         6
 Ozocubu's Refrigeration  Ice            7%         4d9       100%        7
 Ignition                 Fire           7%         3d5       100%        8
 Lehudib's Crystal Spear  Conj/Erth      7%         10d3      100%        8
 Polar Vortex             Ice            7%         N/A       100%        9
 Simulacrum               Ice/Necr       Unusable   N/A       N/A         6

Dungeon Overview and Level Annotations

Branches:
Dungeon (15/15)            Temple (1/1) D:7            Lair (5/5) D:10
  Swamp (1/4) Lair:2        Snake (4/4) Lair:3        Slime (0/5) Lair:5
    Orc (2/2) D:9             Elf (0/3) Orc:2        Vaults (0/5) D:13
 Depths (0/4) D:15         Bailey (visited)         Volcano (visited)

Altars:
Elyvilon
Fedhas
Gozag
Kikubaaqudgha
Nemelex Xobeh
Qazlal
Trog
Uskayaw
Vehumet
Zin
The Shining One
Jiyva

Shops:
D:6 *   D:10 (   D:12 (   Orc:2 ((:[*   Lair:1 =?:::[[   Snake:1 (*   Snake:4 [

Annotations:
D:6 3 runed translucent doors, purpskrrrp's ghost, novice DrFi


Innate Abilities, Weirdness & Mutations

You are a lightning-filled tempest!
Your electrical attacks strike out in all directions at once.
You are incredibly evasive.
Your insubstantial body is immune to petrification, constriction, and being set on fire You are flying.
You are immune to poison.
Your armour is entirely melded.
You are incapable of wielding weapons or throwing items.
((You have a beak for a mouth.))
((You have claws for feet.))
Your magical nature lets you fly swiftly and evasively.


Message History

The will-o-the-wisp misses you.
You hit the will-o-the-wisp but do no damage.
The will-o-the-wisp is moderately damaged.
The will-o-the-wisp gestures.
The will-o-the-wisp conjures some foxfire!
The foxfire hits your cactus giant!!
A foxfire comes into view.
Unknown command.
Casting: Summon Cactus Giant (mildly dangerous; 1% risk of failure)
Confirm with . or Enter, or press ? or * to list all spells.
A mana viper appears with a sibilant hiss.
The foxfire hits your mana viper!!
The will-o-the-wisp gestures.
The will-o-the-wisp conjures some foxfire! 2 foxfires come into view.
Unknown command.
You buffet the will-o-the-wisp!
The will-o-the-wisp is heavily damaged.
You buffet the will-o-the-wisp!
The foxfire hits your mana viper!
The will-o-the-wisp gestures.
The will-o-the-wisp conjures some foxfire!
You block the will-o-the-wisp's attack.
Your mana viper bites the will-o-the-wisp!!
The will-o-the-wisp's magic leaks into the air.
Your cactus giant is engulfed in a cloud of scalding steam.
Your cactus giant hits the will-o-the-wisp with a +0 giant spiked club! 2 foxfires come into view.
Unknown command.
You barely miss the will-o-the-wisp.
The will-o-the-wisp is severely damaged.
You buffet the will-o-the-wisp!
You destroy the will-o-the-wisp!
The foxfire hits your mana viper!!
Your mana viper dies!
Your mana viper disappears in a puff of smoke!
The foxfire hits you!!
* * * LOW HITPOINT WARNING * * *
The foxfire hits you!!
You die...
Your body crumbles into a pile of gold.

♣~.~~♣.~.♣♣ ♣~..)~.♣♣♣
♣~~~§~(..♣♣ ♣ ♣♣~♣~~§~..♣
♣≈≈♣♣♣~..~.~~.♣♣♣
♣≈≈≈≈≈~~.~......♣♣
≈≈≈♣♣.....~~§.§.♣ ♣≈
♣♣....~~~vC~♣♣
~.♣♣≈♣♣~....~~§vv..♣♣
~..♣~~♣~~.~~..§♣♣...♣
~.♣♣~~....~~♣.~♣♣♣(.♣♣
~.~~.~~♣..~.♣♣~~♣♣♣.~♣♣♣♣
.~..~~~~~~.♣♣♣~.♣ ♣.~.♣~♣
~~~~.~~~.~.♣♣♣..♣ ♣♣...♣♣
~~~..........♣~~♣ ♣♣:.♣
.~~####...###♣..♣ ♣♣♣♣
...# #.C## #...


You could see a will-o-the-wisp (ally target) and a friendly cactus giant
(summoned).

Vanquished Creatures
  A nagaraja (Snake:4)
  A nameless horror (Snake:2)
  A centaur warrior (D:14)
  5 naga warriors
  2 anacondas
  A death yak (Lair:5)
  A naga sharpshooter (Snake:1)
  A swamp dragon (Swamp:1)
  2 naga ritualists
  A spriggan simulacrum (Snake:4)
  2 mana vipers
  A will-o-the-wisp (Swamp:1)
  An orc sorcerer (Orc:2)
  2 salamanders
  An elephant (Lair:5)
  7 black mambas
  3 guardian serpents
  A cane toad (Lair:1)
  A gargoyle (D:14)
  2 komodo dragons
  An efreet (Volcano)
  A yaktaur (D:13)
  A polar bear (Lair:3)
  2 trolls
  A tyrant leech (Swamp:1)
  3 blink frogs
  2 slime creatures (D:12)
  2 dream sheep
  A centaur simulacrum (D:13)
  A wraith (D:13)
  A wyvern (Lair:3)
  12 yaks
  A fire elemental (Volcano)
  A vampire mosquito (D:13)
  2 wargs
  2 swamp worms (Swamp:1)
  2 minotaur simulacra (Snake:4)
  8 nagas
  10 water moccasins
  5 orc warriors (Orc:2)
  A swamp drake (Swamp:1)
  2 wolves
  5 centaurs
  8 bullfrogs
  An earth elemental (Volcano)
  13 killer bees
  A howler monkey (D:8)
  3 orc priests
  3 orc wizards
  6 orcs
  A goblin (D:2)
  A kobold (D:1)
  A fire vortex (Volcano)
142 creatures vanquished.

Vanquished Creatures (collateral kills)
  A tengu reaver (D:13)
  Kirke (Lair:5)
  Roxanne (D:15)
  7 nagarajas
  A very ugly thing (D:15)
  An orc warlord (Orc:2)
  An ettin (Orc:2)
  2 vault guards (D:13)
  A great orb of eyes (D:15)
  8 hydras
  A hydra (shapeshifter) (D:15)
  3 salamander tyrants (Snake:4)
  9 centaur warriors (D:13)
  2 catoblepae
  3 anacondas
  8 boulder beetles
  2 ogre magi (D:13)
  A two-headed ogre (D:13)
  14 naga warriors
  15 naga sharpshooters
  2 tengu warriors
  6 death yaks
  An orc high priest (Orc:2)
  5 shock serpents
  2 spriggans (Swamp:1)
  A skeletal warrior (D:13)
  Lodul (D:12)
  3 salamander mystics
  3 bog bodies (Swamp:1)
  A wizard (D:13)
  3 naga ritualists (Snake:4)
  A deep elf archer (D:13)
  A spriggan simulacrum (Snake:4)
  5 lindwurms
  7 orc knights
  3 deep elf pyromancers (D:13)
  A wolf spider (Lair:5)
  4 orc sorcerers
  A mana viper (Snake:2)
  15 salamanders
  9 ugly things
  A manticore (D:13)
  7 cyclopes
  11 naga magi
  Joseph (D:8)
  28 black mambas
  4 elephants
  5 molten gargoyles (Volcano)
  6 guardian serpents
  2 gargoyles
  16 cane toads
  2 torpor snails
  2 kobold demonologists (D:13)
  Psyche (D:9)
  Maggie (D:6)
  2 efreet
  2 rime drakes (Lair:5)
  8 komodo dragons
  An unseen horror (D:12)
  A freezing wraith (D:15)
  A yaktaur (D:13)
  A tengu conjurer (D:13)
  A meliai (shapeshifter) (D:13)
  A polar bear (Lair:2)
  4 trolls
  6 hornets
  10 blink frogs
  A wolf spider simulacrum (D:13)
  2 tyrant leeches (Swamp:1)
  Grinder (D:6)
  8 slime creatures
  9 dream sheep
  3 shadows
  3 vampires
  A centaur simulacrum (D:13)
  A dire elephant simulacrum (Snake:4)
  4 wraiths
  10 wyverns
  3 fire elementals (Volcano)
  6 hogs (Lair:5)
  4 fire bats (D:9)
  31 yaks
  Eustachio (D:4)
  5 basilisks
  23 vampire mosquitoes
  A minotaur simulacrum (Snake:4)
  3 redbacks (Lair:5)
  2 acid dragons
  7 swamp worms
  42 nagas
  21 water moccasins
  A hell hound (D:9)
  37 orc warriors
  A sky beast (D:6)
  2 swamp drakes (Swamp:1)
  2 ice beasts
  3 black bears
  10 wolves
  14 ogres
  14 centaurs
  A phantom (D:6)
  8 kobold brigands
  3 bullfrogs
  2 gnoll sergeants
  A deep troll simulacrum (Snake:4)
  A necrophage (D:6)
  A scorpion (D:5)
  7 wights
  4 killer bees
  A lindwurm simulacrum (Snake:4)
  3 electric eels
  6 howler monkeys
  2 lava snakes (D:9)
  3 jellies (D:5)
  A hound (D:6)
  9 orc priests
  Crazy Yiuf (D:2)
  An iguana (D:6)
  Ijyb (D:4)
  19 orc wizards
  4 hell rats (Lair:5)
  14 gnolls
  5 adders
  2 shadow imps (D:6)
  A white imp (D:5)
  An ufetubus (D:7)
  3 worms
  2 dart slugs (D:3)
  90 orcs
  6 ball pythons
  5 endoplasms
  8 giant cockroaches
  14 hobgoblins
  4 jackals (D:3)
  2 quokkas
  2 bats
  16 goblins
  22 kobolds
  7 rats
  2 fire vortices
843 creatures vanquished.

Vanquished Creatures (others)
  An orc warlord (Orc:2)
  A vault guard (D:13)
  2 hydras
  2 boulder beetles
  A naga warrior (Snake:4)
  3 two-headed ogres
  2 death yaks
  A naga sharpshooter (Snake:4)
  Pikel (D:6)
  A guardian serpent (Lair:5)
  A black mamba (Lair:5)
  2 naga magi (Snake:4)
  A cane toad (Lair:5)
  A torpor snail (Lair:4)
  A rime drake (Lair:5)
  A komodo dragon (Lair:5)
  A queen bee (D:10)
  A blink frog (Lair:3)
  4 trolls
  A polar bear (Lair:4)
  A dream sheep (Lair:5)
  2 wyverns (Lair:5)
  10 yaks
  A hog (Lair:5)
  3 vampire mosquitoes (D:12)
  A warg (Orc:2)
  A water moccasin (D:8)
  A naga (Snake:4)
  An acid dragon (D:12)
  9 orc warriors
  6 ogres
  3 wolves
  A centaur (D:13)
  2 gnoll sergeants
  3 killer bees (D:10)
  An electric eel (Lair:5)
  A gnoll bouda (D:7)
  5 gnolls
  7 orcs
  4 fire vortices
  28 foxfires (Swamp:1)
  22 fungi
  81 plants
  5 snaplasher vines
228 creatures vanquished.

Grand Total: 1213 creatures vanquished

Notes
Turn   | Place    | Note
-------+----------+-------------------------------------------
     0 | D:1      | cforsyth the Tengu Summoner began the quest for the Orb.
     0 | D:1      | Reached XP level 1. HP: 10/10 MP: 4/4
   224 | D:1      | Reached skill level 5 in Summonings
   293 | D:1      | Reached XP level 2. HP: 15/15 MP: 3/6
   299 | D:1      | Learned a level 2 spell: Call Imp
  1146 | D:2      | Reached XP level 3. HP: 19/19 MP: 8/8
  1436 | D:2      | Learned a level 3 spell: Call Canine Familiar
  1890 | D:2      | Found a runed translucent door.
  1891 | D:2      | Noticed Crazy Yiuf
  1943 | D:2      | Killed Crazy Yiuf
  1944 | D:2      | Reached XP level 4. HP: 24/24 MP: 0/9
  2150 | D:3      | Reached skill level 6 in Summonings
  2356 | D:3      | Gained mutation: Your magical nature lets you fly swiftly
                  | and evasively. [Tengu growth]
  2356 | D:3      | Reached XP level 5. HP: 9/28 MP: 7/11
  2595 | D:3      | Found a faded altar of an unknown god.
  2900 | D:3      | Learned a level 3 spell: Summon Guardian Golem
  2987 | D:3      | Found a radiant altar of Vehumet.
  3707 | D:4      | Reached XP level 6. HP: 29/32 MP: 8/13
  3848 | D:4      | Reached skill level 7 in Summonings
  3998 | D:4      | Noticed Eustachio
  4078 | D:4      | Killed Eustachio
  4079 | D:4      | Reached skill level 5 in Spellcasting
  4079 | D:4      | Reached XP level 7. HP: 36/36 MP: 8/15
  4477 | D:4      | Noticed Ijyb
  4582 | D:4      | Killed Ijyb
  4991 | D:5      | Entered Level 5 of the Dungeon
  5094 | D:5      | Learned a level 4 spell: Summon Lightning Spire
  5124 | D:5      | Reached skill level 8 in Summonings
  5479 | D:5      | Reached skill level 9 in Summonings
  5479 | D:5      | Reached XP level 8. HP: 41/41 MP: 12/18
  6287 | D:6      | Found Fueforou's Gadget Gallery.
  6449 | D:6      | Reached skill level 10 in Summonings
  6512 | D:6      | Noticed Pikel
  6517 | D:6      | Noticed Grinder
  6563 | D:6      | Killed Pikel
  6564 | D:6      | Reached XP level 9. HP: 45/45 MP: 6/21
  6564 | D:6      | Paralysed by Grinder for 5 turns
  6820 | D:6      | Killed Grinder
  6821 | D:6      | Reached skill level 11 in Summonings
  6934 | D:6      | Found a runed translucent gate.
  6935 | D:6      | Found a runed translucent gate.
  7007 | D:6      | Found a runed translucent gate.
  7013 | D:6      | Noticed purpskrrrp's ghost (novice DrFi)
  7084 | D:6      | Noticed Maggie
  7097 | D:6      | Killed Maggie
  7340 | D:7      | Noticed a boulder beetle
  7356 | D:7      | Killed a boulder beetle
  7357 | D:7      | Reached skill level 12 in Summonings
  7368 | D:7      | Found a flagged portal.
  7381 | Bailey   | Entered a bailey
  7553 | Bailey   | Reached XP level 10. HP: 50/50 MP: 17/24
  7903 | Bailey   | Reached skill level 13 in Summonings
  8562 | Bailey   | Reached skill level 10 in Spellcasting
  8885 | D:7      | Identified the +8 spear of the Middle {freeze, MP+9 Str+3
                  | Int+3}
  9095 | D:7      | Found a staircase to the Ecumenical Temple.
  9174 | Temple   | Entered the Ecumenical Temple
  9180 | Temple   | Became a worshipper of Gozag Ym Sagoz the Greedy
  9720 | D:8      | Reached skill level 14 in Summonings
  9813 | D:8      | Reached XP level 11. HP: 30/54 MP: 25/26
 10019 | D:8      | Noticed Joseph
 10036 | D:8      | Killed Joseph
 10407 | D:8      | You are sucked into a shaft and drop 2 floors!
 10407 | D:10     | Entered Level 10 of the Dungeon
 10547 | D:9      | Noticed a two-headed ogre
 10556 | D:9      | Killed a two-headed ogre
 10658 | D:9      | Found a staircase to the Orcish Mines.
 10678 | D:9      | Reached skill level 15 in Summonings
 10849 | D:8      | Found a glowing silver altar of Zin.
 11216 | D:9      | Noticed Psyche
 11237 | D:9      | Killed Psyche
 12391 | D:10     | Found a staircase to the Lair.
 12473 | D:10     | Reached skill level 16 in Summonings
 12763 | D:10     | Reached XP level 12. HP: 15/59 MP: 29/29
 12988 | D:10     | Found Qymicu's Antique Weapon Shoppe.
 13365 | D:10     | Found a sparkling altar of Nemelex Xobeh.
 14425 | D:11     | Noticed a two-headed ogre
 14477 | D:11     | Noticed a boulder beetle
 14535 | D:11     | Noticed a boulder beetle
 14572 | D:11     | Reached skill level 1 in Air Magic
 14595 | D:11     | Killed a boulder beetle
 14596 | D:11     | Reached skill level 1 in Fighting
 14631 | D:11     | Killed a boulder beetle
 14643 | D:11     | Killed a two-headed ogre
 14727 | D:11     | Noticed a two-headed ogre
 14748 | D:11     | Killed a two-headed ogre
 15012 | D:11     | Noticed a boulder beetle
 15043 | D:11     | Killed a boulder beetle
 15289 | D:11     | Identified the +4 trident of Scorn {vamp, rPois}
 15305 | D:11     | Reached skill level 5 in Air Magic
 15443 | D:11     | Reached skill level 5 in Dodging
 15598 | D:11     | Found a glowing golden altar of the Shining One.
 15725 | D:12     | Found Luluenui's Weapon Shop.
 15966 | D:12     | Noticed a boulder beetle
 15980 | D:12     | Killed a boulder beetle
 15981 | D:12     | Reached skill level 5 in Fighting
 16327 | D:12     | Noticed Lodul
 16352 | D:12     | Killed Lodul
 16353 | D:12     | Reached XP level 13. HP: 74/74 MP: 27/30
 16980 | Lair:1   | Entered Level 1 of the Lair of Beasts
 18248 | Lair:1   | Learned a level 6 spell: Summon Cactus Giant
 19507 | Lair:2   | Found a staircase to the Swamp.
 19630 | Lair:2   | Reached skill level 10 in Dodging
 20220 | Lair:1   | Bought a scroll of blinking for 105 gold pieces
 20365 | Lair:3   | Found a dark tunnel.
 20370 | Volcano  | Entered a volcano
 21027 | Volcano  | Reached XP level 14. HP: 35/87 MP: 31/31
 21298 | Lair:3   | Found a staircase to the Snake Pit.
 21392 | Lair:3   | Identified the +0 leather armour of Insatiable Hunger
                  | {Str+2}
 21403 | Lair:3   | Reached skill level 10 in Fighting
 21624 | Lair:3   | Got the Cyclopedia of Glamour and the Fifth Circle
 21745 | Lair:3   | You are sucked into a shaft and drop 2 floors!
 21745 | Lair:5   | Entered Level 5 of the Lair of Beasts
 23673 | Lair:3   | Identified the +3 halberd of a Gauntlet {flame, rElec rCorr
                  | Int+4 Dex+2}
 25023 | Lair:5   | Paralysed by a hornet for 3 turns
 25173 | Lair:5   | Noticed Kirke
 25183 | Lair:5   | Killed Kirke
 26072 | Lair:5   | Identified a scroll of acquirement
 26073 | Lair:5   | Acquired the +1 hat of Pantheism {rPois rF+ Slay+3}
 26202 | Lair:5   | Reached XP level 15. HP: 97/97 MP: 25/32
 27747 | Lair:5   | Found a viscous altar of Jiyva.
 27747 | Lair:5   | Found a staircase to the Slime Pits.
 28459 | Lair:1   | Bought Pulless's Dissertation on the Throng and Coordinates
                  | for 420 gold pieces
 28468 | Lair:1   | Learned a level 8 spell: Summon Horrible Things
 28504 | Orc:1    | Entered Level 1 of the Orcish Mines
 28796 | Orc:2    | Entered Level 2 of the Orcish Mines
 28963 | Orc:1    | Reached skill level 15 in Dodging
 29236 | Orc:2    | Noticed an orc warlord
 29253 | Orc:2    | Killed an orc warlord
 29443 | Orc:2    | Noticed an orc warlord
 29455 | Orc:2    | Killed an orc warlord
 29669 | Orc:1    | You are sucked into a shaft and drop 1 floor!
 30446 | Orc:2    | Reached skill level 17 in Summonings
 30611 | Orc:2    | Found Mocot's Antique Weapon Emporium.
 30692 | Orc:2    | Found Agus's Antique Armour Emporium.
 31023 | Orc:2    | Found a staircase to the Elven Halls.
 31030 | Orc:2    | Found Liem's Antique Weapon Shop.
 31211 | Orc:2    | Found Huwy's Book Emporium.
 31217 | Orc:2    | Bought a book of the Wilderness for 418 gold pieces
 31223 | Orc:2    | Learned a level 5 spell: Summon Forest
 31229 | Orc:2    | Learned a level 5 spell: Summon Mana Viper
 31238 | Orc:2    | Found Piloo's General Store.
 31483 | D:13     | Reached skill level 1 in Transmutations
 31489 | D:13     | Noticed a tengu reaver
 31501 | D:13     | Killed a tengu reaver
 31504 | D:13     | Reached XP level 16. HP: 87/105 MP: 1/34
 32872 | D:13     | Reached skill level 5 in Transmutations
 33036 | D:13     | Found a gate to the Vaults.
 33228 | D:13     | Reached skill level 10 in Air Magic
 34474 | D:14     | Found a stormy altar of Qazlal.
 35343 | D:14     | Acquired the +0 pair of gloves "Biosolown" {rElec rF+ rC+}
 35359 | D:15     | Entered Level 15 of the Dungeon
 35922 | D:15     | Noticed Roxanne
 35968 | D:15     | Killed Roxanne
 36509 | D:15     | Found a staircase to the Depths.
 36758 | Snake:1  | Entered Level 1 of the Snake Pit
 37059 | Orc:2    | Bought a book of the Sky for 484 gold pieces
 37067 | Orc:2    | Learned a level 7 spell: Storm Form
 37445 | Snake:1  | Reached XP level 17. HP: 110/110 MP: 29/35
 37907 | Snake:1  | Found Ninipra's Antique Weapon Boutique.
 37996 | Snake:1  | Found Huaho's Assorted Antiques.
 38003 | Snake:1  | Bought a pink potion for 26 gold pieces
 38003 | Snake:1  | Bought a scroll of identify for 58 gold pieces
 43098 | Snake:4  | Entered Level 4 of the Snake Pit
 43545 | Snake:3  | Reached skill level 15 in Air Magic
 43702 | Snake:4  | Found a frozen archway.
 44269 | Snake:4  | Reached XP level 18. HP: 116/116 MP: 37/37
 44734 | Snake:4  | Found Ybyxim's Armour Boutique.
 45248 | Snake:4  | Reached skill level 10 in Transmutations
 45919 | Snake:4  | Got a serpentine rune of Zot
 46749 | Swamp:1  | Entered Level 1 of the Swamp
 47422 | Swamp:1  | Killed from afar by a will-o-the-wisp

Illustrated notes

Levels and vault maps discovered:
D:1:      lemuel_arrival_muddy, layout_loops_ring, hangedman_decor_peaks_small
D:2:      wander_river, layout_loops_ring, uniq_crazy_yiuf_cottage
D:3:      cheibrodos_greedy_goblins, layout_basic, vehumet_altar_wand_db,
          shapermc_ecumenical_altar_starsandcircs, dreamdust_mushroom_princess,
          minmay_misc_feat_secret_circle, minmay_quantized
D:4:      layout_basic, feat_on_display, uniq_eustachio, uniq_ijyb
D:5:      layout_basic
D:6:      layout_cave_pools, gammafunk_ghost_necromancy, nicolae_shop_gadgets,
          uniq_grinder, uniq_pikel, uniq_maggie
D:7:      layout_basic, minmay_temple_entry_tees, enter_bailey_2,
          kennysheep_pointless_box
D:8:      layout_loops_cross, zin_statuary, blue_anna_alchemist, uniq_joseph
D:9:      layout_long_grid, kennysheep_orc_monster_closet_entryway,
          minmay_misc_feat_chi, hangedman_incinerator, uniq_psyche
D:10:     layout_loops_corners, nemelex_spade_bored_becter, david_lair_shrubbed,
          serial_shops, shop, minivault_7
D:11:     layout_roguey [special_room_orc], fountainhead, tso_oasis_becter
D:12:     layout_basic, serial_shops, shop_fountains, uniq_lodul
D:13:     minmay_the_grid_square_5x5_4x4_mashed [minmay_the_grid_square_5x5_n,
          minmay_the_grid_square_5x5_bracketed,
          minmay_the_grid_square_5x5_pentomino_r,
          minmay_the_grid_square_5x5_spiral_small,
          minmay_the_grid_square_5x5_inset,
          minmay_the_grid_square_5x5_prize_monsterx,
          minmay_the_grid_square_5x5_prize_itemx,
          minmay_the_grid_square_5x5_spiral,
          minmay_the_grid_square_5x5_checkered_statues,
          minmay_the_grid_square_5x5_prize_snowflake,
          minmay_the_grid_square_5x5_prize_deathbox,
          minmay_the_grid_square_5x5_tri_point,
          minmay_the_grid_square_5x5_three_small,
          minmay_the_grid_square_5x5_slash, minmay_the_grid_square_5x5_two,
          minmay_the_grid_square_5x5_six_small], layout_layer_cave,
          grunt_vaults_entry_fortified, minmay_increasing_density
D:14:     layout_loops_cross, nicolae_qazlal_scattered_showers,
          kennysheep_nondescript
D:15:     gammafunk_enter_depths_forms, layout_irregular_city,
          roderic_lattice_octagonal_star, uniq_roxanne
Temple:   nicolae_temple_bog_church
Lair:1:   layout_long_grid, chequers_serial_rivers_small_a, beast_lair_carwin_11
Lair:2:   layout_roguey, nicolae_swamp_entry_splash_gauntlet,
          chequers_serial_rivers_room_b
Lair:3:   layout_loops_ring, dummy_snake_entry, enter_volcano_4
Lair:4:   layout_regular_city, serial_bayou_pond_d, nicolae_lair_lil_pond,
          st_stairs_12, grunt_forest_large_clearing_hut, lemuel_fruit_fields,
          infiniplex_staircase_pool_2
Lair:5:   hangedman_lair_in_review, layout_regular_city,
          hangedman_lair_tendril_chambers, dpeg_slime_entry_enclosed,
          nicolae_quartered_pool_medium, hangedman_lair_unloving_vines,
          uniq_kirke
Swamp:1:  layout_falls_marsh, hangedman_swamp_ruin_hall, swamp_pool5,
          nzn_swamp_dancing_lights
Snake:1:  layout_chambers, minmay_shoptagon, grunt_megastairs_3
Snake:2:  layout_cave_pods, nrook_guardian_serpent_ordinary, grunt_megastairs_2
Snake:3:  layout_onion, nicolae_elevator_lobby_plus, grunt_megastairs_4
Snake:4:  johnstein_snake_rune_scales, layout_chambers, serial_shops,
          nicolae_shop_competitors_out_of_business,
          portal_ice_cave_entry_ice_simulacra
Orc:1:    layout_diamond_mine
Orc:2:    grunt_orc_cross, layout_caves, serial_shops, nicolae_diamond_shop

Skill      XL: |  1  2  3  4  5  6  7  8  9 10 11 12 13 14 15 16 17 18 |
---------------+-------------------------------------------------------+-----
Summonings     | 5 6 7 9 10 12 14 16 17 | 17.0
Spellcasting   | 3 4 5 6 7 9 10 12 13 14 | 14.0
Air Magic      | 5 6 11 15 16 | 16.0
Fighting       | 5 9 12 13 14 | 14.5
Dodging        | 7 11 13 15 | 15.9
Transmutations | 2 6 9 10 | 10.5
Stealth        | |  2.0

Action                     |  1- 3 |  4- 6 |  7- 9 | 10-12 | 13-15 | 16-18 || total
---------------------------+-------+-------+-------+-------+-------+-------++-------
  Melee: Unarmed           |     7 |     5 |     7 |    14 |       |    95 ||   128
         Peck              |     1 |       |     2 |    26 |    59 |    23 ||   111
         Kick              |       |     2 |     4 |    48 |   103 |    53 ||   210
         Spear             |       |       |       |   116 |   266 |   114 ||   496
         Punch             |       |       |       |       |     6 |     5 ||    11
   Cast: Summon Small Mamm |    41 |    23 |    28 |    14 |    11 |       ||   117
         Call Imp          |    12 |    13 |    15 |    12 |     4 |       ||    56
         Call Canine Famil |     5 |    15 |    28 |    63 |    84 |    37 ||   232
         Summon Guardian G |       |     3 |     9 |    75 |    83 |    26 ||   196
         Summon Lightning  |       |       |     6 |    62 |    81 |    26 ||   175
         Summon Cactus Gia |       |       |       |       |   109 |   136 ||   245
         Summon Horrible T |       |       |       |       |     3 |    14 ||    17
         Summon Mana Viper |       |       |       |       |     2 |    80 ||    82
         Summon Forest     |       |       |       |       |     1 |    24 ||    25
         Storm Form        |       |       |       |       |       |    18 ||    18
 Invoke: Call Merchant     |       |       |       |       |     5 |     2 ||     7
Ability: Blinkbolt         |       |       |       |       |       |     1 ||     1
    Use: Scroll            |       |       |     3 |    12 |     8 |     8 ||    31
         Potion            |       |       |       |     2 |     5 |       ||     7
   Stab: Sleeping          |       |       |       |     1 |     2 |       ||     3
         Distracted        |       |       |       |       |     4 |     3 ||     7
 Armour: Robe              |     6 |     6 |     2 |    64 |    57 |    24 ||   159
         Skin              |       |       |       |       |       |    17 ||    17
  Dodge: Dodged            |    29 |    23 |    24 |   262 |   448 |   346 ||  1132
  Block: Other             |       |       |       |       |    26 |    78 ||   104
         Reflection        |       |       |       |       |     2 |    21 ||    23

Table legend: (Time is in decaauts)
 A = Elapsed time spent in this place.
 B = Non-inter-level travel time spent in this place.
 C = Inter-level travel time spent in this place.
 D = Time resting spent in this place.
 E = Time spent auto-exploring this place.
 F = Levels seen in this place.
 G = Mean time per level.
                   A        B        C        D        E       F      G
               +--------+--------+--------+--------+--------+-----+--------+
         Total |  45538 |  43652 |   1886 |   4969 |  29549 |  30 | 1517.9 |
       Dungeon |  20086 |  19289 |    797 |    517 |  14402 |  15 | 1339.1 |
        Temple |     11 |      5 |      6 |      0 |      0 |   1 |   11.0 |
          Lair |  10403 |   9780 |    623 |   1471 |   6519 |   5 | 2080.6 |
         Swamp |    658 |    658 |      0 |     11 |    479 |   1 |  658.0 |
     Snake Pit |   9215 |   8942 |    273 |   1970 |   5382 |   4 | 2303.8 |
  Orcish Mines |   2819 |   2635 |    184 |    492 |   1550 |   2 | 1409.5 |
        Bailey |   1471 |   1471 |      0 |    503 |    589 |   1 | 1471.0 |
       Volcano |    872 |    872 |      0 |      4 |    627 |   1 |  872.0 |
               +--------+--------+--------+--------+--------+-----+--------+

Top non-repeatable levels by time:
  Lair:5: 3303 daAuts
 Snake:4: 2888 daAuts
    D:13: 2769 daAuts
 Snake:1: 2579 daAuts
  Lair:4: 2561 daAuts
    D:10: 2206 daAuts
   Orc:2: 1988 daAuts
 Snake:3: 1916 daAuts
 Snake:2: 1830 daAuts
     D:9: 1677 daAuts
  Lair:1: 1674 daAuts
  Lair:2: 1661 daAuts
  Bailey: 1471 daAuts
     D:4: 1470 daAuts
     D:3: 1264 daAuts
